 Dungeon Crawl Stone Soup version 0.31-a0-233-g139696dc86 (webtiles) character file.

Game seed: 3065845177407052804

71 Anon1729 the Trooper (level 4, -2/40 HPs)
             Began as a Minotaur Monk on July 9, 2023.
             Killed by nerve-wracking pain
             ... invoked by Grinder
              (10 damage)
             ... on level 3 of the Dungeon.
             The game lasted 00:00:46 (1188 turns).

Anon1729 the Trooper (Minotaur Monk)                Turns: 1188, Time: 00:00:47

Health: -2/40      AC:  3    Str: 16    XL:     4   Next: 5%
Magic:  3/3        EV: 13    Int:  7    God:
Gold:   54         SH:  0    Dex: 14    Spells: 3/3 levels left

rFire   + . .        a - +0 short sword
rCold   . . .        d - orb {light}
rNeg    . . .        b - +0 robe
rPois   .            (helmet restricted)
rElec   .            (no cloak)
rCorr   .            m - +0 pair of gloves
SInv    .            (no boots)
Will    .....        (no amulet)
Stlth   +            k - ring of protection from fire
HPRegen 0.26/turn    (no ring)
MPRegen 0.08/turn

%: no passive effects
@: glowing
A: horns 2, retaliatory headbutt
a: no special abilities


You were on level 3 of the Dungeon.
You visited 1 branch of the dungeon, and saw 3 of its levels.

You collected 54 gold pieces.

Inventory:

Hand Weapons
 a - a +0 short sword (weapon)
Armour
 b - a +0 robe (worn)
 d - an orb of light (worn)
 m - a +0 pair of gloves (worn)
Jewellery
 k - a ring of protection from fire (left hand)
Scrolls
 e - 2 scrolls of identify {unknown}
 f - a scroll of blinking {unknown}
 l - a scroll of revelation {unknown}
Potions
 c - a potion of ambrosia
 g - a potion of enlightenment {unknown}
 h - a potion of invisibility {unknown}
 i - a potion of degeneration {unknown}
 j - 2 potions of curing {unknown}


   Skills:
 + Level 4.2 Fighting
 + Level 3.8 Short Blades
 + Level 1.7 Armour
 + Level 3.7 Dodging
 + Level 0.3 Stealth
 + Level 1.2 Invocations


You had 3 spell levels left.
You didn't know any spells.
Your spell library contained the following spells:

 Spells                   Type           Power      Damage    Failure   Level
 Alistair's Intoxication  Tmut/Pois      0%         N/A       100%        5
 Borgnjor's Vile Clutch   Necr/Erth      0%         N/A       100%        5
 Eringya's Noxious Bog    Tmut/Pois      0%         4d6       100%        6


Dungeon Overview and Level Annotations

Branches:
Dungeon (3/15)

Altars:
Qazlal

Annotations:
D:3 Grinder


Innate Abilities, Weirdness & Mutations

You have a pair of horns on your head.
You reflexively headbutt those who attack you in melee.


Message History

You are too injured to fight recklessly!
You are too injured to fight recklessly!
You are too injured to fight recklessly!
You are too injured to fight recklessly!
You are too injured to fight recklessly!
You are too injured to fight recklessly!
You are too injured to fight recklessly!
You are too injured to fight recklessly!
You are too injured to fight recklessly!
You are too injured to fight recklessly!
You are too injured to fight recklessly!
You are too injured to fight recklessly!
You hit Grinder.
Grinder is heavily wounded.
You hit Grinder.
Grinder is heavily wounded.
Grinder barely misses you.
You barely miss Grinder. You headbutt Grinder.
Grinder is severely wounded.
Grinder gestures at you.
You suddenly lose the ability to move!
Grinder hits you but does no damage. x2
Grinder hits you.
You can move again.
Unknown command.
Unknown command.
You hit Grinder. Your headbutt misses Grinder.
Grinder is severely wounded.
Grinder hits you.
* * * LOW HITPOINT WARNING * * *
You writhe in agony.
* * * LOW HITPOINT WARNING * * *
You barely miss Grinder.
Grinder is severely wounded.
Grinder blinks!
Grinder blinks!
You aren't carrying any items that you can evoke.
Grinder gestures at you. Pain shoots through your body!
You die...

##### ## #... .#
########.# #.####
.........###.....
.####......#5.###
#......@<....#
#........#..#.#
#...........#
#.#.....##......
........## #.#.##
.....#### .#.#
.... .# . ... .#
.


You could see Grinder.

Vanquished Creatures
  A gnoll (D:1)
  2 adders (D:2)
  A worm (D:2)
  2 dart slugs (D:1)
  3 ball pythons
  2 endoplasms (D:1)
  A giant cockroach (D:2)
  4 goblins
  3 hobgoblins
  4 kobolds
  A quokka (D:2)
  6 bats
  9 rats
39 creatures vanquished.

Notes
Turn   | Place    | Note
-------+----------+-------------------------------------------
     0 | D:1      | Anon1729 the Minotaur Monk began the quest for the Orb.
     0 | D:1      | Reached XP level 1. HP: 19/19 MP: 0/0
    78 | D:1      | Reached XP level 2. HP: 19/27 MP: 1/1
   250 | D:1      | Reached skill level 1 in Armour
   417 | D:1      | Found a faded altar of an unknown god.
   444 | D:1      | Reached skill level 4 in Fighting
   471 | D:1      | Reached skill level 1 in Invocations
   471 | D:1      | Reached XP level 3. HP: 33/33 MP: 2/2
   974 | D:2      | Found a stormy altar of Qazlal.
  1044 | D:2      | Reached XP level 4. HP: 16/40 MP: 3/3
  1162 | D:3      | Noticed Grinder
  1165 | D:3      | Paralysed by Grinder for 5 turns
  1178 | D:3      | Paralysed by Grinder for 3 turns
  1188 | D:3      | Killed from afar by Grinder

Illustrated notes

Levels and vault maps discovered:
D:1:      dpeg_arrival_ratfight, layout_basic,
          shapermc_ecumenical_altar_starsandcircs, minmay_close_crescents
D:2:      layout_rooms, basic_altar, minmay_misc_feat_ornament,
          kennysheep_path_1
D:3:      layout_loops_cross, ebering_ghost_sewer_f, serial_shops, shop,
          uniq_grinder

Skill      XL: |  1  2 |
---------------+-------+-----
Armour         | 1 |  1.7
Fighting       | 4 |  4.2
Invocations    | 1 |  1.2
Short Blades   | |  3.8
Dodging        | |  3.7
Stealth        | |  0.3

Action                     |  1- 3 |  4- 6 || total
---------------------------+-------+-------++-------
  Melee: Short sword       |    74 |    11 ||    85
         Headbutt          |    19 |     2 ||    21
 Armour: Robe              |    12 |     8 ||    20
  Dodge: Dodged            |    38 |     5 ||    43

Table legend: (Time is in decaauts)
 A = Elapsed time spent in this place.
 B = Non-inter-level travel time spent in this place.
 C = Inter-level travel time spent in this place.
 D = Time resting spent in this place.
 E = Time spent auto-exploring this place.
 F = Levels seen in this place.
 G = Mean time per level.
                   A        B        C        D        E       F      G
               +--------+--------+--------+--------+--------+-----+--------+
         Total |   1172 |   1086 |     86 |     58 |    827 |   3 |  390.7 |
       Dungeon |   1172 |   1086 |     86 |     58 |    827 |   3 |  390.7 |
               +--------+--------+--------+--------+--------+-----+--------+

Top non-repeatable levels by time:
     D:1: 827 daAuts
     D:2: 321 daAuts
     D:3: 23 daAuts
